 Dungeon Crawl Stone Soup version 0.27.0-1-g7a089689b8 (webtiles) character file.

Game seed: 18107408495757360693

14 emikaela the Sneak (level 2, -1/19 HPs)
             Began as a Kobold Delver on Aug 4, 2021.
             Slain by an orc (6 damage)
             ... on level 3 of the Dungeon.
             The game lasted 00:06:13 (597 turns).

emikaela the Sneak (Kobold Delver)                   Turns: 597, Time: 00:06:14

Health: -1/19      AC:  3    Str:  9    XL:     2   Next: 60%
Magic:  2/2        EV: 14    Int: 11    God:
Gold:   14         SH:  0    Dex: 16    Spells: 1/1 levels left

rFire    . . .     SeeInvis .   a - +0 short sword
rCold    . . .     Faith    .   (shield restricted)
rNeg     . . .     Spirit   .   j - +0 leather armour
rPois    .         Reflect  .   (no helmet)
rElec    .         Harm     .   (no cloak)
rCorr    .         Rampage  .   (no gloves)
Will     .....                  (no boots)
Stlth    ++++......             (no amulet)
HPRegen  0.06/turn              (no ring)
MPRegen  0.08/turn              (no ring)

@: attractive
A: small, no large weapons, nightstalker 3
a: no special abilities


You were on level 3 of the Dungeon.
You visited 1 branch of the dungeon, and saw 3 of its levels.

You collected 14 gold pieces.

Inventory:

Hand Weapons
 a - a +0 short sword (weapon)
 b - a +0 hunting sling
Missiles
 i - 14 arrows
 s - 15 stones (quivered)
Armour
 j - a +0 leather armour (worn)
Jewellery
 f - a +6 ring of intelligence
Wands
 c - a wand of digging (3)
Scrolls
 d - 2 scrolls of identify {unknown}
 g - a scroll of fog
 m - a scroll of magic mapping
Potions
 h - a potion of haste


   Skills:
 + Level 3.5 Fighting
 + Level 3.1 Short Blades
 + Level 2.8 Dodging
 + Level 6.8 Stealth


You had one spell level left.
You didn't know any spells.
Your spell library was empty.

Dungeon Overview and Level Annotations

Branches:
Dungeon (5/15)
 Temple: D:4-7

Altars:

Annotations:
D:4 exclusion: black bear


Innate Abilities, Weirdness & Mutations

You are small and have problems with some larger weapons.
You are completely attuned to the shadows.


Message History

You hit the endoplasm.
The endoplasm is moderately wounded.
The endoplasm misses you.
You hit the endoplasm but do no damage.
The endoplasm is moderately wounded.
The endoplasm freezes you.
You are frozen.
You hit the endoplasm.
You kill the endoplasm!
No target in view!
HP restored.
An orc is nearby!
Unknown command.
You throw a stone. The stone closely misses the orc.
The orc shouts!
You hear a shout!
You throw a stone. The stone closely misses the orc.
You throw a stone.
The stone hits the orc but does no damage.
You barely miss the orc. The orc hits you with a +0 hand axe.
You hit the orc but do no damage. The orc barely misses you.
You barely miss the orc. The orc hits you with a +0 hand axe.
You are too injured to fight recklessly!
Okay, then.
Unknown command.
Unknown command.
Press: ? - help, v - describe, . - travel
Here: an orc, wielding a +0 hand axe and wearing a +0 leather armour The floor.
You hear the quick rusting of a distant drain.
It was a potion of attraction.
You feel attractive to monsters.
You closely miss the orc. The orc hits you but does no damage.
You hit the orc but do no damage. The orc misses you.
You hit the orc but do no damage. The orc closely misses you.
You hit the orc but do no damage. The orc hits you but does no damage.
You hit the orc but do no damage. The orc hits you with a +0 hand axe.
You hit the orc.
The orc is severely wounded.
The orc hits you with a +0 hand axe.
You die...

#############
#............###
#.####.........#
#.# #.........#
#.# #.........##
.. #.#
###.........
..###.##
#.###@###
#.)...# #.# #o#
#.....#####.#
#.#
##.....#.....#
#.#
.....>.#.#####
#.# ##...).#.#
####.####
#...(†#.#
...(...((
##.....#.#
....(....
...(.###.#
.(.......


You could see an orc.

Vanquished Creatures
  An orc (D:3)
  A ball python (D:3)
  3 endoplasms
  A hobgoblin (D:3)
  3 jackals (D:3)
  A kobold (D:4)
10 creatures vanquished.

Notes
Turn   | Place    | Note
-------+----------+-------------------------------------------
     0 | D:5      | emikaela the Kobold Delver began the quest for the Orb.
     0 | D:5      | Reached XP level 1. HP: 14/14 MP: 1/1
    67 | D:4      | Noticed a black bear
    85 | D:4      | Noticed an orc priest
   300 | D:3      | Reached XP level 2. HP: 11/19 MP: 2/2
   597 | D:3      | Slain by an orc

Illustrated notes

Levels and vault maps discovered:
D:3:      layout_basic, trog_book, mainiacjoe_overflow_tiny_flanked,
          serial_shops, nicolae_shop_behind_doors, portal_sewer_entry_b
D:4:      layout_cave_pools, minmay_temple_entry_nine_rooms,
          minmay_misc_feat_nine_boxes
D:5:      wander_river, layout_loops_ring, mainiacjoe_overflow_alcove_2

Skill      XL: |  1  2 |
---------------+-------+-----
Short Blades   | 3 |  3.1
Fighting       | |  3.5
Dodging        | |  2.8
Stealth        | |  6.8

Action                   || total
-------------------------++-------
Melee: Short sword       ||    38
 Fire: Hunting sling     ||     1
Throw: Stone             ||    19
  Use: Potion            ||     3
       Scroll            ||     1
 Stab: Sleeping          ||     3
Armor: Leather armour    ||     5
Dodge: Dodged            ||    22
